 Dungeon Crawl Stone Soup version 0.20.0-4-g10b340a (webtiles) character file.

40061 inmateoo the Grappler (level 13, -1/128 HPs)
             Began as a Troll Monk on May 27, 2017.
             Was the Champion of Cheibriados.
             Slain by a seven-headed hydra (5 damage)
             ... on level 6 of the Lair of Beasts on May 28, 2017.
             The game lasted 00:24:11 (15034 turns).

inmateoo the Grappler (Troll Monk)                 Turns: 15034, Time: 00:24:12

Health: -1/128     AC:  9    Str: 42    XL:     13   Next: 72%
Magic:  27/27      EV: 16    Int: 23    God:    Cheibriados [******]
Gold:   766        SH: 21    Dex: 35    Spells: 10/20 levels left

rFire    . . .     SeeInvis .   r - +4 scimitar (flame)
rCold    + + .     Gourm    +   v - +0 large shield
rNeg     . . .     Faith    .   B - +2 robe of Forking Paths {Dex+4}
rPois    +         Spirit   .   J - +2 hat {MR+}
rElec    .         Reflect  .   j - scarf {cloud immunity}
rCorr    .         Harm     .   (gloves unavailable)
MR       +....                  (boots unavailable)
Stlth    +++.......             (no amulet)
Regen    0.8/turn               A - +3 ring of strength
MPRegen  0.2/turn               E - ring "Baas" {rPois rC++ MP+9 Int+2}

@: very slow
A: unfitting armour, claws 3, agile 1, blink, fast metabolism 3, gourmand,
regeneration 1, shaggy fur 1, tough skin 2
a: Blink, Bend Time, Temporal Distortion, Slouch, Step From Time, Renounce
Religion


You were on level 6 of the Lair of Beasts.
You worshipped Cheibriados.
Cheibriados was exalted by your worship.
You were full.

You visited 3 branches of the dungeon, and saw 18 of its levels.

You collected 1453 gold pieces.
You spent 687 gold pieces at shops.

Inventory:

Hand Weapons
 r - a +4 scimitar of flaming (weapon)
Missiles
 e - 4 large rocks (quivered)
 R - a throwing net
Armour
 j - a scarf of cloud immunity (worn)
 v - a +0 large shield (worn)
 B - the +2 robe of Forking Paths (worn) {Dex+4}
   (You found it on level 8 of the Dungeon)

   It affects your dexterity (+4).
 G - a +0 troll leather armour
 J - a +2 hat of magic resistance (worn)
Jewellery
 A - a +3 ring of strength (left claw)
 E - the ring "Baas" (right claw) {rPois rC++ MP+9 Int+2}
   (You bought it in a shop on level 8 of the Dungeon)

   [ring of magical power]

   It affects your intelligence (+2).
   It greatly protects you from cold.
   It protects you from poison.
   It affects your magic capacity (+9).
 M - an uncursed ring of fire
 S - an uncursed ring of ice
Wands
 d - a wand of disintegration (7/24)
 f - a wand of disintegration (14/24)
 y - a wand of flame (12/48)
 z - a wand of polymorph (13/24)
 D - a wand of clouds (3/9)
 N - a wand of digging (16/24)
 T - a wand of flame (17/48)
Scrolls
 h - 4 scrolls of recharging
 i - 8 scrolls of remove curse
 k - 3 scrolls of fog
 n - 3 scrolls of fear
 u - a scroll of identify
 w - 10 scrolls of teleportation
 x - 2 scrolls of blinking
 F - a scroll of enchant weapon
 H - 2 scrolls of magic mapping
Potions
 a - a potion of ambrosia
 c - 4 potions of mutation
 g - a potion of flight
 l - 2 potions of curing
 o - 3 potions of cancellation
 s - 3 potions of magic
 C - a potion of heal wounds
 K - 2 potions of might
 U - 2 potions of lignification
Books
 q - a book of Conjurations

   Spells                             Type                      Level
   a - Magic Dart                     Conjuration                  1
   b - Searing Ray                    Conjuration                  2
   c - Dazzling Spray                 Conjuration/Hexes            3
   d - Fulminant Prism                Conjuration/Hexes            4
   e - Force Lance                    Conjuration/Translocation    4
   f - Iskenderun's Mystic Blast      Conjuration                  4
Miscellaneous
 I - a box of beasts
Comestibles
 b - 14 bread rations
 m - 17 fruits
 p - 21 royal jellies
 t - 8 meat rations


   Skills:
 + Level 8.7 Fighting
 - Level 4.0 Long Blades
 * Level 4.1 Throwing
 + Level 2.4 Armour
 + Level 8.2 Dodging
 - Level 1.0 Stealth
 + Level 6.2 Shields
 * Level 13.9 Unarmed Combat
 * Level 4.2 Spellcasting
 + Level 6.1 Invocations


You had 10 spell levels left.
You knew the following spells:

 Your Spells              Type           Power        Failure   Level  Hunger
a - Flame Tongue          Conj/Fire      #....        56%         1    None
b - Apportation           Tloc           #.....       56%         1    None
c - Blink                 Tloc           N/A          71%         2    #......
d - Iron Shot             Conj/Erth      #.........   100%        6    #######


Dungeon Overview and Level Annotations

Branches:
Dungeon (11/15)            Temple (0/1) D:6            Lair (6/6) D:8
 Shoals (0/4) Lair:3        Snake (0/4) Lair:2          Orc (1/2) D:11
  Slime: Lair:5-6

Altars:
Cheibriados
Elyvilon
Fedhas
Gozag
Kikubaaqudgha
Makhleb
Nemelex Xobeh
Qazlal
Ru
Sif Muna
Vehumet
Zin
The Shining One
Beogh

Shops:
D:8 =

Annotations:
D:10 exclusion: ice statue
Lair:1 exclusion: 2 oklob plants


Innate Abilities, Weirdness & Mutations

You are too large for most types of armour.
You have claws for hands.
Your metabolism is lightning-fast.
You like to eat raw meat.
Your natural rate of healing is unusually fast.
You are covered in fur. (AC +1)
You have very tough skin. (AC +2)
You are agile. (Dex +2)
You can translocate small distances at will.


Message History

The seven-headed hydra bites you!
* * * LOW HITPOINT WARNING * * *
You block the seven-headed hydra's attack. x3
The seven-headed hydra closely misses you.
The seven-headed hydra barely misses you.
The seven-headed hydra bites you.
* * * LOW HITPOINT WARNING * * *
Unknown command.
You hit the seven-headed hydra. You burn the seven-headed hydra.
The seven-headed hydra is lightly wounded.
You block the seven-headed hydra's attack.
The seven-headed hydra barely misses you.
You block the seven-headed hydra's attack.
The seven-headed hydra barely misses you.
The seven-headed hydra bites you!
* * * LOW HITPOINT WARNING * * *
The seven-headed hydra bites you!
* * * LOW HITPOINT WARNING * * *
The seven-headed hydra bites you.
You die...

................ .......
................ .......
##.........##..
#......####.##........#.
#........#....#......###
#PP..................###
#......P...##.....#...
..+...††....##.....+....
#.....@D...........#.P.
#P.....#P..#......##...
#......P...###.....P...
#P.).....P+......(P....
........................
#.##P..#.#.#..###.#.##.#
. #####..#.#.# #..####.
### #### #### ##


You could see a seven-headed hydra.

Vanquished Creatures
  Josephine (D:11)
  Fannar (Lair:3)
  4 hydras
  Erica (D:8)
  3 two-headed ogres
  A centaur warrior (D:11)
  A cyclops (Orc:1)
  An orc sorcerer (Orc:1)
  6 elephants
  A merfolk siren (Lair:3)
  A manticore (Lair:5)
  4 black mambas
  2 gargoyles (D:10)
  9 spiny frogs
  6 komodo dragons
  7 rime drakes
  A queen bee (Lair:3)
  3 trolls
  3 merfolk (Lair:3)
  A polar bear (Lair:5)
  2 hornets
  6 blink frogs
  9 hippogriffs
  6 dream sheep (Lair:6)
  Sigmund (D:3)
  A spriggan (D:7)
  A shadow (D:11)
  4 wraiths (D:11)
  9 wyverns
  6 yaks (Lair:1)
  4 basilisks
  4 hungry ghosts
  A steam dragon (D:11)
  2 vampire mosquitoes (Lair:6)
  8 water moccasins
  13 porcupines
  3 hell hounds (Lair:5)
  8 orc warriors
  A phantom (D:8)
  7 ice beasts
  4 sky beasts
  5 ogres
  An eye of draining (D:11)
  2 black bears
  A tengu (D:11)
  3 wolves (Lair:3)
  8 centaurs
  4 crocodiles
  2 big kobolds
  A gnoll sergeant (D:8)
  13 bullfrogs
  37 killer bees
  2 scorpions
  9 howler monkeys
  3 crimson imps
  A quasit (D:9)
  2 bullfrog zombies
  6 orc priests
  A bullfrog skeleton (D:7)
  2 jellies (D:7)
  A gnoll shaman (D:5)
  2 hounds
  3 iron imps (D:7)
  3 iguanas
  12 orc wizards
  Terence (D:3)
  7 worker ants
  A worker ant zombie (D:5)
  Robin (D:3)
  16 gnolls
  A howler monkey skeleton (D:7)
  19 adders
  A shadow imp (D:7)
  An ooze (D:3)
  An adder skeleton (D:7)
  3 worms (D:3)
  4 dart slugs
  3 leopard geckos
  42 orcs
  A ball python (D:1)
  3 giant cockroaches
  11 goblins
  7 hobgoblins
  23 jackals
  11 kobolds
  6 quokkas
  6 bats
  4 frilled lizards
  3 rats
  A plant (Lair:1)
458 creatures vanquished.

Vanquished Creatures (others)
  3 fungi
  18 plants
21 creatures vanquished.

Grand Total: 479 creatures vanquished

Notes
Turn   | Place    | Note
-------+----------+-------------------------------------------
     0 | D:1      | inmateoo the Troll Monk began the quest for the Orb.
     0 | D:1      | Reached XP level 1. HP: 22/22 MP: 0/0
   162 | D:1      | Reached XP level 2. HP: 29/29 MP: 1/1
   515 | D:1      | Reached skill level 4 in Unarmed Combat
   957 | D:2      | Found a faded altar of an unknown god.
   987 | D:2      | Found a sparkling altar of Nemelex Xobeh.
  1003 | D:2      | Became a worshipper of Vehumet
  1003 | D:2      | Reached * piety under Vehumet
  1003 | D:2      | Offered knowledge of Flame Tongue by Vehumet.
  1003 | D:2      | Reached ** piety under Vehumet
  1006 | D:2      | Learned a level 1 spell: Flame Tongue
  1119 | D:2      | Offered knowledge of Throw Flame by Vehumet.
  1145 | D:2      | Reached XP level 3. HP: 36/36 MP: 2/2
  1460 | D:3      | Offered knowledge of Throw Frost by Vehumet.
  1487 | D:3      | Reached *** piety under Vehumet
  1640 | D:3      | Reached XP level 4. HP: 36/44 MP: 3/3
  1699 | D:3      | Offered knowledge of Ignite Poison by Vehumet.
  1726 | D:3      | Reached skill level 1 in Spellcasting
  1760 | D:3      | Noticed Sigmund
  1774 | D:3      | Killed Sigmund
  1774 | D:3      | Reached skill level 5 in Unarmed Combat
  1774 | D:3      | Reached XP level 5. HP: 34/53 MP: 4/6
  1774 | D:3      | Reached XP level 6. HP: 40/61 MP: 4/7
  1851 | D:3      | Found a snail-covered altar of Cheibriados.
  1933 | D:3      | Noticed Terence
  1940 | D:3      | Killed Terence
  1993 | D:3      | Fell from the grace of Vehumet
  1993 | D:3      | Became a worshipper of Cheibriados the Contemplative
  2056 | D:3      | Noticed Robin
  2088 | D:3      | Killed Robin
  2344 | D:3      | Reached * piety under Cheibriados
  2690 | D:4      | Reached skill level 6 in Unarmed Combat
  2708 | D:4      | Reached XP level 7. HP: 52/68 MP: 8/8
  3162 | D:5      | Entered Level 5 of the Dungeon
  3234 | D:5      | Reached ** piety under Cheibriados
  3590 | D:5      | Reached skill level 7 in Unarmed Combat
  3710 | D:5      | Reached XP level 8. HP: 74/79 MP: 9/9
  4138 | D:6      | Reached skill level 8 in Unarmed Combat
  4148 | D:6      | Reached *** piety under Cheibriados
  4185 | D:6      | Found a staircase to the Ecumenical Temple.
  4385 | D:6      | Reached skill level 5 in Fighting
  4401 | D:6      | Found an ancient bone altar of Kikubaaqudgha.
  4408 | D:6      | Found an opulent altar of Gozag.
  4546 | D:6      | Found a deep blue altar of Sif Muna.
  4547 | D:6      | Found a white marble altar of Elyvilon.
  4549 | D:6      | Found a stormy altar of Qazlal.
  4972 | D:6      | Reached skill level 9 in Unarmed Combat
  4977 | D:6      | Reached XP level 9. HP: 64/88 MP: 10/10
  5155 | D:7      | Was forgiven by Vehumet
  5168 | D:7      | Reached **** piety under Cheibriados
  5438 | D:7      | Reached skill level 5 in Dodging
  5441 | D:7      | Reached skill level 1 in Shields
  5443 | D:7      | Paralysed by a hornet for 2 turns
  5783 | D:7      | Found a burning altar of Makhleb.
  5862 | D:7      | Reached skill level 10 in Unarmed Combat
  5866 | D:7      | Found a deep blue altar of Sif Muna.
  5954 | D:7      | Found a sacrificial altar of Ru.
  5955 | D:7      | Found a glowing silver altar of Zin.
  5955 | D:7      | Found a blossoming altar of Fedhas.
  5956 | D:7      | Found a glowing golden altar of the Shining One.
  6003 | D:7      | Reached ***** piety under Cheibriados
  6423 | D:8      | Found a staircase to the Lair.
  6455 | D:8      | Got a thick robe
  6466 | D:8      | Identified the +2 robe of Forking Paths {Dex+4} (You found it on level 8 of the Dungeon)
  6498 | D:8      | Reached XP level 10. HP: 100/100 MP: 11/11
  6514 | D:8      | Noticed Erica
  6522 | D:8      | Killed Erica
  6522 | D:8      | Reached skill level 1 in Invocations
  6684 | D:8      | Found Caxt's Jewellery Emporium.
  7340 | D:9      | Noticed a two-headed ogre
  7355 | D:9      | Reached skill level 11 in Unarmed Combat
  7368 | D:9      | Killed a two-headed ogre
  7368 | D:9      | Reached skill level 1 in Long Blades
  7401 | D:9      | Noticed a two-headed ogre
  7406 | D:9      | Killed a two-headed ogre
  7633 | D:9      | Reached XP level 11. HP: 109/109 MP: 12/12
  8114 | D:10     | Entered Level 10 of the Dungeon
  8200 | D:10     | Noticed a two-headed ogre
  8205 | D:10     | Killed a two-headed ogre
  8512 | D:10     | Reached ****** piety under Cheibriados
  8930 | D:11     | Noticed a centaur warrior
  8942 | D:11     | Killed a centaur warrior
  8952 | D:11     | Gained mutation: Your flesh is heat resistant. (rF+) [mutagenic meat]
  8953 | D:11     | Gained mutation: You are occasionally teleported next to monsters. [mutagenic meat]
  8954 | D:11     | Gained mutation: You are partially covered in iridescent scales. (AC +2) [mutagenic meat]
  9007 | D:11     | Reached skill level 12 in Unarmed Combat
  9075 | D:11     | Noticed Sonja
  9135 | D:11     | Noticed Sonja
  9135 | D:11     | Sonja changed into Sonja the tengu
  9138 | D:11     | Killed Sonja the tengu
  9171 | D:11     | Noticed Josephine
  9193 | D:11     | Killed Josephine
  9219 | D:11     | Noticed a death knight
  9402 | D:11     | Noticed a phantasmal warrior
  9402 | D:11     | Noticed a skeletal warrior
  9925 | D:11     | Noticed a four-headed hydra
  9933 | D:11     | Killed a two-headed hydra
  9973 | D:11     | Found a staircase to the Orcish Mines.
  9978 | Orc:1    | Entered Level 1 of the Orcish Mines
 10047 | Orc:1    | Noticed an orc sorcerer
 10056 | Orc:1    | Killed an orc sorcerer
 10147 | Orc:1    | Lost mutation: You are partially covered in iridescent scales. (AC +2) [potion of mutation]
 10147 | Orc:1    | Lost mutation: Your flesh is heat resistant. (rF+) [potion of mutation]
 10147 | Orc:1    | Lost mutation: You are occasionally teleported next to monsters. [potion of mutation]
 10147 | Orc:1    | Gained mutation: You can translocate small distances at will. [potion of mutation]
 10147 | Orc:1    | Gained mutation: You are agile. (Dex +2) [potion of mutation]
 10184 | Orc:1    | Reached XP level 12. HP: 119/119 MP: 14/14
 10194 | Orc:1    | Found a roughly hewn altar of Beogh.
 10680 | D:8      | Bought the ring "Baas" {rPois rC++ MP+9 Int+2} for 687 gold pieces
 10741 | Lair:1   | Entered Level 1 of the Lair of Beasts
 10952 | Lair:1   | Reached skill level 5 in Shields
 11054 | Lair:1   | Learned a level 1 spell: Apportation
 11057 | Lair:1   | Learned a level 2 spell: Blink
 11064 | Lair:1   | Learned a level 6 spell: Iron Shot
 11576 | Lair:2   | Found a staircase to the Snake Pit.
 11629 | Lair:2   | Reached skill level 13 in Unarmed Combat
 11749 | Lair:2   | Reached skill level 5 in Invocations
 11774 | Lair:2   | Noticed a five-headed hydra
 11783 | Lair:2   | Killed a one-headed hydra
 11836 | Lair:2   | Noticed a six-headed hydra
 11843 | Lair:2   | Killed a one-headed hydra
 12403 | Lair:3   | Reached skill level 1 in Throwing
 12450 | Lair:3   | Found a staircase to the Shoals.
 12678 | Lair:3   | Noticed Fannar
 12693 | Lair:3   | Killed Fannar
 12693 | Lair:3   | Reached skill level 1 in Armour
 12784 | Lair:3   | Reached XP level 13. HP: 118/128 MP: 16/16
 14895 | Lair:6   | Entered Level 6 of the Lair of Beasts
 15034 | Lair:6   | HP: 4/128 [seven-headed hydra (7)]
 15034 | Lair:6   | Slain by a seven-headed hydra

Skill      XL: |  1  2  3  4  5  6  7  8  9 10 11 12 13 |
---------------+----------------------------------------+-----
Unarmed Combat | 4 5 6 7 9 10 11 12 13 | 13.9
Spellcasting   | 1 3 4 |  4.2
Fighting       | 3 4 5 6 7 8 |  8.7
Dodging        | 3 4 5 6 7 8 |  8.2
Shields        | 2 3 4 5 6 |  6.2
Invocations    | 2 4 5 6 |  6.1
Long Blades    | 2 3 4 |  4.0
Throwing       | 2 4 |  4.1
Armour         | 1 2 |  2.4
Stealth        | |  1.0

Action                   |  1- 3 |  4- 6 |  7- 9 | 10-12 | 13-15 || total
-------------------------+-------+-------+-------+-------+-------++-------
Melee: Unarmed           |    65 |   106 |   320 |   504 |   196 ||  1191
       Punch             |     1 |     2 |    11 |       |       ||    14
       Scimitar          |       |       |       |    13 |     9 ||    22
Invok: Slouch            |       |       |       |     6 |     2 ||     8
Evoke: Wand              |       |       |       |     7 |       ||     7
  Use: Scroll            |       |       |    13 |     6 |    12 ||    31
       Potion            |       |       |     2 |     3 |       ||     5
 Stab: Sleeping          |     1 |     1 |     8 |    12 |     3 ||    25
       Distracted        |       |     1 |       |     3 |       ||     4
  Eat: Chunk             |    18 |     9 |    18 |    63 |    13 ||   121
Armor: Robe              |    13 |    27 |    87 |    51 |    15 ||   193
       Skin              |       |       |       |     3 |       ||     3
Dodge: Dodged            |    39 |    48 |   158 |   169 |    85 ||   499
Block: Large shield      |       |       |    63 |   536 |   201 ||   800
       Rpst.: Scimitar   |       |       |       |     1 |     2 ||     3
